 Dungeon Crawl Stone Soup version 0.31-a0-544-gceb718ecc6 (webtiles) character file.

Game seed: 397427586321475862

469 Shayle the Trooper (level 7, 0/106 HPs)
             Began as an Ogre Shapeshifter on Aug 15, 2023.
             Slain by a kobold brigand
             ... wielding a +0 flail
              (8 damage)
             ... on level 4 of the Dungeon.
             The game lasted 00:10:14 (3590 turns).

Shayle the Trooper (Ogre Shapeshifter)              Turns: 3590, Time: 00:10:14

Health: 0/106      AC: 23    Str: 20    XL:     7   Next: 9%
Magic:  12/12      EV:  1    Int: 11    God:
Gold:   158        SH:  0    Dex:  9    Spells: 13/13 levels left

rFire   . . .        e - +3 whip
rCold   . . .        (no shield)
rNeg    . . .        a - melded +0 animal skin
rPois   +            (helmet currently unavailable)
rElec   .            (cloak currently unavailable)
rCorr   .            (gloves unavailable)
SInv    .            (boots unavailable)
Will    .....        (no amulet)
Stlth   +            (no ring)
HPRegen 0.37/turn    (no ring)
MPRegen 0.13/turn

%: no passive effects
@: lethally poisoned (0 -> -1), tree-form
A: stationary, stasis, torment immunity, boosted hp, large, unfitting armour,
(tough skin 1)
a: no special abilities


You were on level 4 of the Dungeon.
You were a tree.
You visited 1 branch of the dungeon, and saw 4 of its levels.

You collected 158 gold pieces.

Inventory:

Hand Weapons
 e - a +3 whip (weapon)
Armour
 a - a +0 animal skin (melded)
 q - a +2 robe of cold resistance
Talismans
 c - a beast talisman
 d - a flux talisman
Scrolls
 f - 2 scrolls of vulnerability {unknown}
 g - 3 scrolls of identify
 h - 4 scrolls of teleportation
 j - a scroll of immolation {unknown}
 k - a scroll of amnesia {unknown}
 l - 4 scrolls of enchant weapon {unknown}
Potions
 i - a potion of haste {unknown}
 n - a potion of attraction {unknown}
 o - a potion of invisibility {unknown}
 p - a potion of degeneration {unknown}
 r - a potion of might {unknown}


   Skills:
 + Level 4.8 Fighting
 - Level 1.7 Dodging
 + Level 4.2 Unarmed Combat
 + Level 3.7 Spellcasting
 + Level 2.9 Air Magic
 - Level 3.0 Shapeshifting


You had 13 spell levels left.
You didn't know any spells.
Your spell library contained the following spells:

 Spells                   Type           Power      Damage    Failure   Level
 Shock                    Conj/Air       20%        1d4       14%         1
 Swiftness                Air            8%         N/A       22%         3
 Airstrike                Air            4%         2d(1-17)  58%         4


Dungeon Overview and Level Annotations

Branches:
Dungeon (4/15)
 Temple: D:4-7

Altars:
Gozag
Sif Muna
Zin

Annotations:
D:4 2 transporters, justen's ghost, amateur DsSh


Innate Abilities, Weirdness & Mutations

You are a tree.
Your roots penetrate the ground, keeping you stationary.
You cannot be teleported.
You are immune to unholy pain and torment.
Your maximum health is greatly increased.
Your equipment is partially melded.
You are too large for most types of armour.
((You have tough skin. (AC +1)))


Message History

The iguana bites you!
* * * LOW HITPOINT WARNING * * *
Okay, then.
Aiming: Corrosive Bolt
Press: ? - help, Shift-Dir - straight line, f - gnoll
Aim: a gnoll, wielding a +0 spear (75% to hit)
The bolt of acid misses the iguana.
The bolt of acid hits the gnoll!
The acid corrodes the gnoll!
The gnoll is severely wounded.
The gnoll hits you from afar with a +0 spear.
* * * LOW HITPOINT WARNING * * *
The iguana closely misses you.
Aiming: Corrosive Bolt
Press: ? - help, Shift-Dir - straight line, f/p - gnoll
Aim: a gnoll, wielding a +0 spear (severely wounded, covered in acid, 75% to hit)
The bolt of acid hits the iguana!
The acid corrodes the iguana!
You kill the iguana!
The bolt of acid hits the gnoll!
You kill the gnoll!
The kobold brigand throws a poisoned dart.
The poisoned dart hits you.
You are poisoned.
Aiming: Corrosive Bolt
Press: ? - help, Shift-Dir - straight line, f - kobold brigand
Aim: a kobold brigand, wielding a +0 flail and quivering poisoned darts (64% to hit)
The bolt of acid misses the kobold brigand.
The now-empty wand crumbles to dust.
You feel sick.
Okay, then.
Okay, then.
You feel sick. The kobold brigand closely misses you.
Your transformation has ended.
You turn into a tree.
Your +0 animal skin melds into your body.
Your roots penetrate the ground.
You feel sick.
The kobold brigand hits you but does no damage.
You hit the kobold brigand.
The kobold brigand is lightly wounded.
You feel sick.
The kobold brigand hits you with a +0 flail!
You die...

####.# ##..lg##.## .....#
#....##.# #.# #####.##.##.#
#.# #.....##....#
#.######.#)#####..##
.###)#......#.#####..######
.....†........##.)........#
###...........##K##.......#
###..........##♣##.......#
#...................>....#
##.#..........##..........#
.................###'###.##
##©###..........(#.....#.#
###©##.......####.≈.≈§#.#
...##......#..'.._..§.#
#.5..#......#..#.≈§§.###
.##..#........†#.....#


You could see a kobold brigand.

Vanquished Creatures
  A scorpion (D:4)
  2 howler monkeys (D:4)
  A jelly (D:4)
  2 orc priests (D:4)
  Natasha (thrice) (D:2)
  2 iguanas (D:4)
  A gnoll (D:4)
  2 adders (D:3)
  3 worms (D:2)
  4 dart slugs
  3 orcs
  6 ball pythons
  6 bats
  6 endoplasms
  3 giant cockroaches
  7 goblins
  5 hobgoblins
  8 jackals
  4 quokkas (D:4)
  4 frilled lizards
  6 kobolds
  6 rats
85 creatures vanquished.

Notes
Turn   | Place    | Note
-------+----------+-------------------------------------------
     0 | D:1      | Shayle the Ogre Shapeshifter began the quest for the Orb.
     0 | D:1      | Reached XP level 1. HP: 19/19 MP: 1/1
   227 | D:1      | Reached XP level 2. HP: 28/28 MP: 3/3
   328 | D:1      | Reached skill level 1 in Spellcasting
   526 | D:1      | Found a faded altar of an unknown god.
   692 | D:1      | Reached XP level 3. HP: 24/35 MP: 4/4
  1030 | D:2      | Noticed Natasha
  1037 | D:2      | Killed Natasha
  1038 | D:2      | Reached skill level 1 in Air Magic
  1041 | D:2      | Reached XP level 4. HP: 30/44 MP: 6/6
  1891 | D:2      | Noticed Natasha
  1898 | D:2      | Killed Natasha
  1899 | D:2      | Reached XP level 5. HP: 33/53 MP: 8/8
  2075 | D:2      | Noticed Natasha
  2085 | D:2      | Killed Natasha
  2237 | D:3      | Found an opulent altar of Gozag.
  2896 | D:3      | Found a glowing silver altar of Zin.
  2935 | D:4      | Found a shimmering blue altar of Sif Muna.
  3004 | D:4      | Reached XP level 6. HP: 34/62 MP: 10/10
  3237 | D:4      | Noticed justen's ghost (amateur DsSh)
  3280 | D:4      | Found a transporter.
  3501 | D:4      | Found a transporter.
  3563 | D:4      | Reached XP level 7. HP: 48/71 MP: 12/12
  3590 | D:4      | Slain by a kobold brigand

Illustrated notes

Levels and vault maps discovered:
D:1:      minmay_arrival_stone_box, layout_basic,
          chequers_ecumenical_altar_grove, nicolae_hexahallways
D:2:      layout_basic, grunt_decor_clamped, minmay_cut_off, uniq_natasha
D:3:      layout_loops_ring, zin_academy,
          nicolae_gozag_cash_rules_everything_around_me
D:4:      layout_rooms, grunt_dithmenos_smoke, kennysheep_little_box,
          gammafunk_ghost_stat_death, moated_statue,
          chequers_serial_rivers_room_a, minmay_divided_ellipse

Skill      XL: |  1  2  3  4  5  6 |
---------------+-------------------+-----
Fighting       | 2 3 4 |  4.8
Spellcasting   | 1 2 3 |  3.7
Unarmed Combat | 3 4 |  4.2
Air Magic      | 1 2 |  2.9
Dodging        | |  1.7
Shapeshifting  | |  3.0

Action                     |  1- 3 |  4- 6 |  7- 9 || total
---------------------------+-------+-------+-------++-------
  Melee: Whip              |    65 |   180 |     6 ||   251
         Unarmed           |     2 |       |       ||     2
         Punch             |       |     4 |       ||     4
  Evoke: Wand              |       |     3 |     3 ||     6
    Use: Potion            |       |     4 |     1 ||     5
         Scroll            |       |     4 |       ||     4
 Armour: Animal skin       |    21 |    45 |     1 ||    67
         Skin              |       |       |     1 ||     1
  Dodge: Dodged            |    31 |    97 |     3 ||   131

Table legend: (Time is in decaauts)
 A = Elapsed time spent in this place.
 B = Non-inter-level travel time spent in this place.
 C = Inter-level travel time spent in this place.
 D = Time resting spent in this place.
 E = Time spent auto-exploring this place.
 F = Levels seen in this place.
 G = Mean time per level.
                   A        B        C        D        E       F      G
               +--------+--------+--------+--------+--------+-----+--------+
         Total |   3615 |   3493 |    122 |    404 |   2244 |   4 |  903.8 |
       Dungeon |   3615 |   3493 |    122 |    404 |   2244 |   4 |  903.8 |
               +--------+--------+--------+--------+--------+-----+--------+

Top non-repeatable levels by time:
     D:2: 1287 daAuts
     D:1: 924 daAuts
     D:3: 902 daAuts
     D:4: 501 daAuts
